 Dungeon Crawl Stone Soup version 0.31-a0-764-g8440623082 (webtiles) character file.

Game seed: 14606465928385007886

137 Descartes the Digger (level 5, -1/35 HPs)
             Began as a Formicid Earth Elementalist on Sept 15, 2023.
             Slain by an orc priest
             ... wielding a +0 mace
              (3 damage)
             ... on level 3 of the Dungeon.
             The game lasted 00:05:16 (2970 turns).

Descartes the Digger (Formicid Earth Elementalist)  Turns: 2970, Time: 00:05:16

Health: -1/35      AC:  8    Str: 15    XL:     5   Next: 43%
Magic:  5/9        EV:  7    Int: 14    God:
Gold:   79         SH:  0    Dex: 14    Spells: 9/10 levels left

rFire   . . .        l - +2 dagger (holy)
rCold   . . .        (no shield)
rNeg    . . .        h - +0 chain mail
rPois   .            (helmet unavailable)
rElec   .            (no cloak)
rCorr   .            (no gloves)
SInv    +            (no boots)
Will    .....        (no amulet) Stlth
                     (no ring)
HPRegen 0.25/turn    (no ring)
MPRegen 0.11/turn

%: no passive effects
@: no status effects
A: permanent stasis, dig shafts and tunnels, antennae 3, four strong arms
a: Dig, Shaft Self


You were on level 3 of the Dungeon.
You visited 1 branch of the dungeon, and saw 3 of its levels.

You collected 79 gold pieces.

Inventory:

Hand Weapons
 c - a +0 club
 l - a +2 dagger of holy wrath (weapon)
Missiles
 g - 16 poisoned darts
 i - 5 curare-tipped darts
 j - a throwing net
Armour
 a - a +0 robe
 h - a +0 chain mail (worn)
Jewellery
 n - a ring of magical power
Wands
 o - a wand of charming (5)
Scrolls
 d - 3 scrolls of identify {unknown}
 e - a scroll of vulnerability {unknown}
 f - a scroll of amnesia {unknown}
Potions
 b - a potion of magic
 k - 2 potions of ambrosia {unknown}
 m - a potion of berserk rage {unknown}


   Skills:
 + Level 2.3 Armour
 - Level 1.7 Dodging
 - Level 2.4 Stealth
 + Level 2.7 Shields
 + Level 3.2 Spellcasting
 - Level 1.1 Transmutations
 + Level 4.6 Earth Magic


You had 9 spell levels left.
You knew the following spells:

 Your Spells              Type           Power      Damage    Failure   Level
a - Sandblast             Erth           30%        2d9       41%         1

Your spell library contained the following spells:

 Spells                   Type           Power      Damage    Failure   Level
 Passwall                 Tmut/Erth      8%         N/A       80%         2
 Stone Arrow              Conj/Erth      16%        3d8       98%         3
 Petrify                  Tmut/Erth      10%        N/A       100%        4


Dungeon Overview and Level Annotations

Branches:
Dungeon (3/15)

Altars:


Innate Abilities, Weirdness & Mutations

You cannot be hasted, slowed, berserked, paralysed or teleported.
You can dig through walls and to a lower floor.
You have a pair of large antennae on your head. (SInv)
Your four strong arms can wield two-handed weapons with a shield.


Message History

Nothing appears to happen.
The orc priest miscasts a cantrip.
Casting: Sandblast (safe; 41% risk of failure)
Confirm with . or Enter, or press ? or * to list all spells.
Aiming: Sandblast (safe; 41% risk of failure)
Press: ? - help, Shift-Dir - straight line, p - orc priest
Okay, then.
You hit the orc priest but do no damage.
The orc priest is moderately wounded.
The orc priest looks satisfied for a moment.
You hit the orc priest but do no damage.
The orc priest is moderately wounded.
The orc priest hits you but does no damage.
You hit the orc priest.
The orc priest is moderately wounded.
The orc priest hits you with a +0 mace.
* * * LOW HITPOINT WARNING * * *
You hit the orc priest but do no damage.
The orc priest is moderately wounded.
The orc priest hits you but does no damage.
You barely miss the orc priest.
The orc priest is moderately wounded.
The orc priest closely misses you.
Unknown command.
You hit the orc priest but do no damage.
The orc priest is moderately wounded.
The orc priest hits you with a +0 mace.
* * * LOW HITPOINT WARNING * * *
You hit the orc priest but do no damage.
The orc priest is moderately wounded.
The orc priest hits you but does no damage.
Your magical contamination has completely faded away.
You closely miss the orc priest.
The orc priest is moderately wounded.
The orc priest hits you with a +0 mace.
* * * LOW HITPOINT WARNING * * *
You hit the orc priest.
The orc priest is moderately wounded.
The orc priest hits you with a +0 mace.
You die...

#######################
.......................
###..........#######
#@########.# ....
#o########.# #.###
...........# .
##.#####.####.#
#.#####<...#.#
..#..........#
###.######.#####
#.....# ##....#


You could see an orc priest.

Vanquished Creatures
  Terence (D:3)
  2 adders
  A worm (D:2)
  3 dart slugs
  3 orcs (D:3)
  5 bats
  10 endoplasms
  3 giant cockroaches
  4 goblins
  6 hobgoblins
  12 jackals (D:1)
  6 quokkas
  4 ball pythons
  6 kobolds
  5 rats
71 creatures vanquished.

Notes
Turn   | Place    | Note
-------+----------+-------------------------------------------
     0 | D:1      | Descartes the Formicid Earth Elementalist began the quest
                  | for the Orb.
     0 | D:1      | Reached XP level 1. HP: 13/13 MP: 3/3
   170 | D:1      | Reached XP level 2. HP: 19/19 MP: 3/5
   183 | D:1      | Reached skill level 1 in Shields
   477 | D:1      | Reached skill level 1 in Armour
   623 | D:1      | Reached skill level 4 in Earth Magic
   623 | D:1      | Reached XP level 3. HP: 23/24 MP: 2/6
  1375 | D:1      | Reached XP level 4. HP: 26/30 MP: 8/8
  1613 | D:2      | Found a faded altar of an unknown god.
  2469 | D:3      | Reached XP level 5. HP: 35/35 MP: 6/9
  2651 | D:3      | Noticed Terence
  2669 | D:3      | Killed Terence
  2970 | D:3      | Slain by an orc priest

Illustrated notes

Levels and vault maps discovered:
D:1:      lightli_arrival_statue_moat, layout_basic
D:2:      kb_forest_paths, layout_rooms, hellmonk_ecumenical_altar_zigzags,
          minmay_misc_feat_encased
D:3:      layout_basic, grunt_ministairs_13, amethyst_killhole, uniq_terence

Skill      XL: |  1  2  3  4 |
---------------+-------------+-----
Shields        | 1 2 |  2.7
Armour         | 1 2 |  2.3
Earth Magic    | 4 |  4.6
Spellcasting   | 3 |  3.2
Dodging        | |  1.7
Stealth        | |  2.4
Transmutations | |  1.1

Action                     |  1- 3 |  4- 6 || total
---------------------------+-------+-------++-------
  Melee: Unarmed           |    22 |       ||    22
         Club              |    22 |    40 ||    62
         Dagger            |       |   105 ||   105
         Punch             |       |     1 ||     1
   Cast: Sandblast         |    51 |    22 ||    73
 Armour: Robe              |    46 |       ||    46
         Chain mail        |     6 |   145 ||   151
  Dodge: Dodged            |    66 |    66 ||   132

Table legend: (Time is in decaauts)
 A = Elapsed time spent in this place.
 B = Non-inter-level travel time spent in this place.
 C = Inter-level travel time spent in this place.
 D = Time resting spent in this place.
 E = Time spent auto-exploring this place.
 F = Levels seen in this place.
 G = Mean time per level.
                   A        B        C        D        E       F      G
               +--------+--------+--------+--------+--------+-----+--------+
         Total |   3023 |   2995 |     28 |     17 |   2364 |   3 | 1007.7 |
       Dungeon |   3023 |   2995 |     28 |     17 |   2364 |   3 | 1007.7 |
               +--------+--------+--------+--------+--------+-----+--------+

Top non-repeatable levels by time:
     D:1: 1490 daAuts
     D:2: 898 daAuts
     D:3: 634 daAuts
